 Dungeon Crawl Stone Soup version 0.22-a0-833-g8522bf8 (console) character file.

3 tminei the Grave Robber (level 1, 0/14 HPs)
             Began as a Ghoul Necromancer on July 25, 2018.
             Slain by a giant cockroach (2 damage)
             ... on level 1 of the Dungeon.
             The game lasted 00:02:17 (152 turns).

tminei the Grave Robber (Ghoul Necromancer)          Turns: 152, Time: 00:02:18

Health: 0/14       AC:  2    Str: 11    XL:     1   Next: 50%
Magic:  0/2        EV: 12    Int: 10    God:
Gold:   0          SH:  0    Dex:  9    Spells: 2/3 levels left

rFire    . . .     SeeInvis .   (no weapon)
rCold    + . .     Gourm    .   (no shield)
rNeg     + + +     Faith    .   a - +0 robe
rPois    ∞         Spirit   .   (no helmet)
rElec    .         Reflect  .   (no cloak)
rCorr    .         Harm     .   (no gloves)
MR       .....                  (no boots)
Stlth    ++........             (no amulet)
HPRegen  0.00/turn              (no ring)
MPRegen  0.08/turn              (no ring)

@: rotting
A: rotting body, claws 1, carnivore, cold resistance 1, negative energy
resistance 3, inhibited regeneration, torment resistance, unbreathing
a: no special abilities


You were on level 1 of the Dungeon.
You were not hungry.

You visited 1 branch of the dungeon, and saw 1 of its levels.

Inventory:

Missiles
 d - 8 sling bullets
Armour
 a - a +0 robe (worn)
Comestibles
 b - a chunk of flesh
 c - a ration


   Skills:
 + Level 1.7 Dodging
 + Level 2.2 Stealth
 + Level 1.7 Spellcasting
 + Level 4.1 Necromancy


You had 2 spell levels left.
You knew the following spells:

 Your Spells              Type           Power        Failure   Level  Hunger
a - Pain                  Necr           #...         6%          1    ##.....

Your spell library contained the following spells:

 Spells                   Type           Power        Failure   Level  Hunger
 Animate Dead             Necr           N/A          50%         4    #####..
 Animate Skeleton         Necr           N/A          6%          1    ##.....
 Vampiric Draining        Necr           #.........   17%         3    ####...
 Regeneration             Chrm/Necr      #.........   38%         3    ####...


Dungeon Overview and Level Annotations

Branches:
Dungeon (1/15)

Altars:


Innate Abilities, Weirdness & Mutations

Your body is rotting away.
You thrive on raw meat.
You are immune to poison.
You have sharp fingernails.
You are carnivorous and can eat meat at any time.
Your flesh is cold resistant. (rC+)
You are immune to negative energy. (rN+++)
You do not regenerate when monsters are visible.
You are immune to unholy pain and torment.
You can survive without breathing.


Message History

You are too injured to fight recklessly!
You are too injured to fight recklessly!
You are too injured to fight recklessly!
You are too injured to fight recklessly!
You are too injured to fight recklessly!
You are too injured to fight recklessly!
You are too injured to fight recklessly!
You are too injured to fight recklessly!
You closely miss the giant cockroach.
The giant cockroach is almost dead.
The giant cockroach misses you. The rat bites you.
* * * LOW HITPOINT WARNING * * *
The giant cockroach bites you.
* * * LOW HITPOINT WARNING * * *
The rat bites you but does no damage.
Your magical contamination has completely faded away.
You take 3 damage, and have 2/14 hp.
MASSIVE DAMAGE!!
The giant cockroach misses you. The giant cockroach bites you.
You die... ЇЇЇЇЇЇЇЇЇЇ Ї......... Ї.ЇЇЇЇЇ.ЇЇ ЇЇЇЇЇЇЇ.ЇЇЇЇЇ.Ї Ї.rs..r.......Ї Ї.ЇЇЇЇЇ.ЇЇ.ЇЇ.Ї Ї ЇЇЇ.ЇЇЇЇ...Ї.ЇЇ.ЇЇЇЇЇ.Ї ..r......Ї..r.........Ї ..Ї.ЇЇ(Ї...ЇЇЇЇ.ЇЇ.ЇЇЇЇ ....ЇЇ.ЇЇ.ЇЇЇЇЇ....ЇЇ ..Ї.................Ї ..Ї.ЇЇ.ЇЇЇЇЇЇЇЇЇ...ЇЇ .......Ї Ї...ЇЇ ЇЇ.....Ї Ї.ssrЇ

...... Ї.@r.Ї
ЇЇЇЇ.Ї Ї.Ї Ї.Ї
Ї[Ї Ї.Ї
≈≈ЇЇ......$ Ї.Ї
Ї.. ..Ї......Ї
Ї.Ї ≈...
.≈......ЇЇЇЇ.Ї
≈..ї
≈..)§..Ї....Ї
Ї....
Ї....§.Ї.ЇЇЇЇ
ЇЇ≈≈≈ЇЇЇ≈≈≈ЇЇЇ.Ї
......Ї.....Ї..Ї
...?..≈..ї..≈..Ї
......≈..<..≈.)Ї
......Ї.....Ї..Ї
......ЇЇ≈≈≈Ї+..Ї
.ЇЇЇЇ Ї........Ї


ЇЇЇЇЇЇЇЇЇЇ You could see 2 giant cockroaches and 2 rats.

Vanquished Creatures
  A giant cockroach (D:1)
  A kobold (D:1)
  A goblin (D:1)
3 creatures vanquished.

Notes
Turn   | Place    | Note
-------+----------+-------------------------------------------
     0 | D:1      | tminei the Ghoul Necromancer began the quest for the Orb.
     0 | D:1      | Reached XP level 1. HP: 14/14 MP: 2/2
   152 | D:1      | Slain by a giant cockroach

Vault maps used:
D:1:      dpeg_arrival_rooms_with_view, cheibriados_altar_1

Action                   || total
-------------------------++-------
Melee: Unarmed           ||    16
 Cast: Pain              ||     4
Armor: Robe              ||     6
Dodge: Dodged            ||    25

Table legend:
 A = Spawn XP
 B = Non-spawn XP
 C = Spawn XP percentage of total XP
 D = Spawn monster count
 E = Non-spawn monster count
 F = Spawn count percentage of total count
 G = Total turns spent on level
                    A         B        C        D         E        F      G
               +---------+---------+-------+---------+---------+-------+---------
         Total |       0 |       5 |   0.0 |       0 |       3 |   0.0 |   152
               +---------+---------+-------+---------+---------+-------+---------
           D:1 |       0 |       5 |   0.0 |       0 |       3 |   0.0 |   152
               +---------+---------+-------+---------+---------+-------+---------
